 Dungeon Crawl Stone Soup version 0.30-a0-137-gd8773701ce (webtiles) character file.

Game seed: 9565508771259247969

3 jlumianski the Chopper (level 1, 0/12 HPs)
             Began as a Gargoyle Gladiator on Sept 22, 2022.
             Slain by a kobold
             ... wielding a +0 dagger
              (1 damage)
             ... on level 1 of the Dungeon.
             The game lasted 00:00:21 (70 turns).

jlumianski the Chopper (Gargoyle Gladiator)           Turns: 70, Time: 00:00:21

Health: 0/12       AC:  6    Str: 17    XL:     1   Next: 50%
Magic:  1/1        EV: 12    Int:  8    God:
Gold:   12         SH:  0    Dex: 11    Spells: 0/0 levels left

rFire   . . .      SeeInvis .    a - +0 war axe
rCold   . . .      Faith    .    (no shield)
rNeg    + . .      Spirit   .    b - +0 leather armour
rPois   ∞          Reflect  .    c - +0 helmet
rElec   +          Harm     .    (no cloak)
rCorr   .          Rampage  .    (no gloves)
Will    .....                    (no boots)
Stlth   +.........               (no amulet)
HPRegen 0.04/turn                (no ring)
MPRegen 0.07/turn                (no ring)

@: no status effects
A: sickness immunity, AC +2, negative energy resistance 1, electricity
resistance, torment resistance 1, petrification resistance
a: no special abilities


You were on level 1 of the Dungeon.
You visited 1 branch of the dungeon, and saw 1 of its levels.

You collected 12 gold pieces.

Inventory:

Hand Weapons
 a - a +0 war axe (weapon)
Missiles
 d - 3 throwing nets (quivered)
 e - a javelin
Armour
 b - a +0 leather armour (worn)
 c - a +0 helmet (worn)
Scrolls
 f - a scroll of enchant armour {unknown}


   Skills:
 + Level 2.2 Fighting
 + Level 2.7 Axes
 + Level 1.7 Throwing
 + Level 2.5 Dodging


You couldn't memorise any spells.
You didn't know any spells.
Your spell library was empty.

Dungeon Overview and Level Annotations

Branches:
Dungeon (1/15)

Altars:


Innate Abilities, Weirdness & Mutations

You are immune to sickness and miasma.
Your stone body is resilient. (AC +2)
You are immune to poison.
You resist negative energy. (rN+)
You are resistant to electric shocks. (rElec)
You are resistant to unholy torment.
You are immune to petrification.


Message History

The ball python grabs you. The ball python constricts you.
The ball python bites you but does no damage.
The ball python constricts you.
You closely miss the ball python. The ball python bites you.
The ball python constricts you.
You hit the ball python but do no damage.
The ball python misses you. The ball python constricts you.
The ball python bites you but does no damage.
The ball python constricts you.
You escape the ball python's grasp.
The ball python barely misses you. The ball python misses you.
The ball python attacks as you move away!
The ball python bites you but does no damage.
The ball python bites you but does no damage.
The ball python closely misses you.
The giant cockroach attacks as you move away!
The giant cockroach closely misses you. The ball python barely misses you.
The ball python closely misses you. The giant cockroach misses you.
You closely miss the giant cockroach. You barely miss the ball python.
The ball python bites you but does no damage.
The ball python grabs you. The ball python constricts you.
The giant cockroach bites you.
You closely miss the giant cockroach. You hit the ball python.
You kill the ball python!
The giant cockroach bites you but does no damage.
The giant cockroach barely misses you.
A rat comes into view.
The kobold hits you with a +0 dagger.
* * * LOW HITPOINT WARNING * * *
You closely miss the kobold. You hit the giant cockroach.
The giant cockroach closely misses you. The kobold barely misses you.
You completely miss the kobold. You closely miss the giant cockroach.
The giant cockroach bites you but does no damage.
The kobold hits you with a +0 dagger.
* * * LOW HITPOINT WARNING * * *
The giant cockroach barely misses you.
You closely miss the kobold. You hit the giant cockroach.
You kill the giant cockroach!
The kobold hits you but does no damage. The kobold hits you with a +0 dagger.
You die...

##..## #≈§§#
###....#####§###
#.#....###.....##
#.'....#8#.....#.
#.'.§##'.'..<>.'.
#.'§§..#8#.....#.
#.#§§§§###.....##
###†#§.§§#####'###
##†@.##.§## #~.≈#
######.K#..#### #######
........##....? #...~...#
........# .r...#..~≈~~~..
........#.>..>.#.~~~≈≈~~.
.(.............##..~≈≈..#
........#...#..##########
........#...#...
......... #.#


You could see a kobold and a rat.

Vanquished Creatures
  An endoplasm (D:1)
  2 giant cockroaches (D:1)
  A ball python (D:1)
4 creatures vanquished.

Notes
Turn   | Place    | Note
-------+----------+-------------------------------------------
     0 | D:1      | jlumianski the Gargoyle Gladiator began the quest for the
                  | Orb.
     0 | D:1      | Reached XP level 1. HP: 12/12 MP: 1/1
    70 | D:1      | Slain by a kobold

Illustrated notes

Levels and vault maps discovered:
D:1:      shiori_arrival_elements, layout_rooms,
          hellmonk_ecumenical_altar_inner_sanctum, dreamdust_princess_corridor,
          minmay_misc_feat_pillars, chequers_serial_rivers_large_a

Action                   || total
-------------------------++-------
Melee: War axe           ||    14
Armor: Leather armour    ||     9
Dodge: Dodged            ||    17

Table legend: (Time is in decaauts)
 A = Elapsed time spent in this place.
 B = Non-inter-level travel time spent in this place.
 C = Inter-level travel time spent in this place.
 D = Time resting spent in this place.
 E = Time spent auto-exploring this place.
 F = Levels seen in this place.
 G = Mean time per level.
                   A        B        C        D        E       F      G
               +--------+--------+--------+--------+--------+-----+--------+
         Total |     74 |     74 |      0 |      0 |     35 |   1 |   74.0 |
       Dungeon |     74 |     74 |      0 |      0 |     35 |   1 |   74.0 |
               +--------+--------+--------+--------+--------+-----+--------+

Top non-repeatable levels by time:
     D:1: 74 daAuts
